Unix NetHack Version 5.0.0-0 post-release - last build May 10 2026 23:12:36 (d1fa5d53e341ca933230fdaa984d921c805b60aa,branch:main).

Game began 2026-05-16 04:37:47, ended 2026-05-16 19:03:59.

IanCurtis, chaotic male elven Wizard

                                                  ---
                                          ---    --.--
                                          ).|  ---...----l
                                         -..----..........
                                         ..*...............
                                         .%`............)....
                                         ..%.`.[--............
                                          -...........%........
                                           ----.........---.....
                                              ---)..)...| --....
                                                --.`....   |....
                                                 -..[..    |.....
                                                  .....    ---.....
                                                 -(..%.      --`[....
                                                 -.....       ----@>.
                                                 ....            |h..
                                                 ...             -..
                                                -.-

IanCurtis the Thaumaturge  St:13 Dx:15 Co:16 In:20 Wi:13 Ch:10  Chaotic
Dlvl:12 $:402 HP:0(67) Pw:43(124) AC:4  Xp:9 T:11715 

Latest messages:
 Never mind.
 What do you want to read? [cfjyzADEG-JPRSVW or ?*] z
 You begin to memorize the runes.
 You add "slow monster" to your repertoire, as 'g'.
 The djinni tries to wield a bow.
 The djinni's dagger is welded to her hand!
 You hear a cough.
 You hear a cough.
 You drop an uncursed spellbook of detect food.
 You drop an uncursed spellbook of drain life.
 Your movements are now unencumbered.
 You drop an uncursed spellbook of light.
 You drop an uncursed spellbook of magic missile.
 You drop an uncursed spellbook of slow monster.
 What do you want to write with? [- aeg-iloruvxK-OQUYZ or ?*] a
 You engrave in the floor with an uncursed athame named Magicbane (weapon in right hand).
 What do you want to engrave in the floor here? Elbereth
 You hear a cough.
 You descend the stairs.
 There is a staircase up to level 12 here.
 You see here an uncursed can of grease.
 z - an uncursed can of grease.
 You climb up the stairs.
 The djinni thrusts her dagger.
 The djinni hits!
 The magic-absorbing blade stuns the djinni!
 The djinni thrusts her dagger.
 The djinni hits!
 The magic-absorbing blade cancels the djinni!
 The djinni thrusts her dagger.
 The djinni hits!
 You hear a cough.
 You hit the djinni.
 The magic-absorbing blade stuns the djinni!
 The djinni thrusts her dagger.
 The djinni hits!
 In what direction? h
 The spell misses the djinni.
 The djinni thrusts her dagger.
 The djinni hits!
 In what direction? h
 The spell misses the djinni.
 You kill the djinni!
 The dwarf lady wields a dagger!
 The dwarf lady thrusts her dagger.
 The dwarf lady hits!
 The dwarf lady thrusts her dagger.
 The dwarf lady hits again!
 You die...
 Do you want your possessions identified? [ynq] (y) q

Inventory:
 Coins    ('$')
  $ - 402 gold pieces
 Weapons  (')')
  a - the rustproof +0 Magicbane (weapon in right hand)
  o - a blessed +1 quarterstaff
 Armor    ('[')
  B - an uncursed +0 orcish helm (being worn)
  b - a blessed greased +4 cloak of magic resistance (being worn)
  p - an uncursed +0 Hawaiian shirt with an orchid motif (being worn)
 Comestibles  ('%')
  F - an uncursed lizard corpse
 Scrolls  ('?')
  V - 7 blessed scrolls of blank paper
  W - a cursed scroll of blank paper
  G - a blessed scroll of charging
  E - an uncursed scroll of confuse monster
  c - an uncursed scroll of enchant armor
  J - 4 uncursed scrolls of enchant weapon
  A - an uncursed scroll of gold detection
  R - an uncursed scroll of identify
  S - a blessed scroll of magic mapping
  y - 2 uncursed scrolls of scare monster
  I - 2 uncursed scrolls of stinking cloud
  D - 3 uncursed scrolls of teleportation
 Potions  ('!')
  q - 2 uncursed potions of healing
  C - an uncursed potion of invisibility
  t - a blessed potion of levitation
  T - an uncursed potion of object detection
  X - an uncursed potion of paralysis
 Rings    ('=')
  u - an uncursed ring of cold resistance
  h - an uncursed +3 ring of increase damage
  e - a blessed +1 ring of protection
  K - an uncursed ring of shock resistance
  v - an uncursed ring of slow digestion (on right hand)
  U - an uncursed ring of teleportation
 Wands    ('/')
  i - a wand of cold (0:5)
  Z - a wand of digging (0:5)
  M - a wand of digging (0:4)
  r - a wand of fire (0:6)
  N - a wand of locking (0:1)
  L - a wand of magic missile (0:1)
  Q - a wand of polymorph (0:7)
  O - a wand of striking (0:2)
  x - a wand of teleportation (0:7)
 Tools    ('(')
  w - a bag of tricks (0:4)
  n - an uncursed tooled horn
  m - an uncursed blindfold
  z - a can of grease (0:6)
  l - a magic marker (1:16)
  d - a +0 pick-axe
  k - an uncursed skeleton key
  s - an uncursed stethoscope
 Gems/Stones  ('*')
  Y - a blessed luckstone
  g - an uncursed touchstone

IanCurtis the Wizard's attributes:

Background:
 You were a Thaumaturge, a level 9 male elven Wizard.
 You were chaotic, on a mission for Anhur
 who was opposed by Ptah (lawful) and Thoth (neutral).
 You were right-handed.
 You were in the Gnomish Mines, on level 12.
 You entered the dungeon 11715 turns ago.
 There was a new moon in effect when your adventure ended.
 You had 4058 experience points, 1062 more were needed to attain level 10.

Basics:
 You had 0 out of 67 hit points.
 You had 43 out of 124 energy points (spell power).
 Your armor class was 4.
 Your wallet contained 402 zorkmids.
 Autopickup was off.

Final Characteristics:
 Your strength was 13 (limit:18).
 Your dexterity was 15 (limit:18).
 Your constitution was 16 (limit:16).
 Your intelligence was 20 (limit:20).
 Your wisdom was 13 (limit:20).
 Your charisma was 10 (limit:18).

Final Status:
 You weren't hungry.
 You were unencumbered.
 You were wielding a dagger.
 You had basic skill with dagger and could have enhanced that.

Final Attributes:
 You were piously aligned.
 You were magic-protected.
 You were sleep resistant.
 You were poison resistant.
 You were telepathic.
 You had infravision.
 You had slower digestion.
 You were warded.
 You were fast.
 You were very lucky.
 You had extra luck.
 Good luck did not time out for you.
 You are dead.

Miscellaneous:
 You encountered 2 bones levels.
 Total elapsed playing time was 2 hours, 45 minutes and 24 seconds.

Major events:
 Turn
    1: IanCurtis the chaotic male elven Wizard entered the dungeon
  190: performed his first genocide (class S)
 1010: attained the rank of Conjurer (level 3)
 2608: attained the rank of Thaumaturge (level 6)
 7710: entered the Gnomish Mines
 8832: reached Mine Town
 9126: was bestowed with Magicbane by Anhur
11715: killed by a dwarf lady

Spells:
 Name                 Level Category     Fail Retention
 force bolt             1   attack         0%   41%-45%
 identify               3   divination     0%   41%-50%
 drain life             2   attack         0%  96%-100%
 detect food            2   divination     0%  91%-100%
 light                  1   divination     0%  91%-100%
 magic missile          2   attack         0%  96%-100%
 slow monster           2   enchantment    0%  91%-100%

Skills:
 Fighting Skills
   bare handed combat [Unskilled]
   riding             [Unskilled]
 Weapon Skills
   dagger             [Basic]
   knife              [Unskilled]
   axe                [Unskilled]
   short sword        [Unskilled]
   club               [Unskilled]
   mace               [Unskilled]
   quarterstaff       [Skilled]
   polearms           [Unskilled]
   spear              [Unskilled]
   trident            [Unskilled]
   sling              [Unskilled]
   dart               [Unskilled]
   shuriken           [Unskilled]
 Spellcasting Skills
   attack spells      [Skilled]
   healing spells     [Unskilled]
   divination spells  [Basic]
   enchantment spells [Basic]
   clerical spells    [Unskilled]
   escape spells      [Unskilled]
   matter spells      [Unskilled]

Voluntary challenges:
 Character rerolling was not enabled.
 You genocided 6 types of monsters.
 You never polymorphed an object.
 You never changed form.
 You used no wishes.
Achievements:
 You attained the rank of Conjurer.
 You entered a shop.
 You attained the rank of Thaumaturge.
 You entered the Gnomish Mines.
 You entered Minetown.
 You entered a temple.

 The Dungeons of Doom: levels 1 to 5
    Level 1: "vault, top left"
       An altar to Anhur, a fountain, a sink.
    Level 2:
    Level 3: "vault"
       A tool shop, a fountain.
    Level 4: "vault, shop"
       An armor shop.
       Stairs down to The Gnomish Mines.
    Level 5:
       Final resting place for
          atorox-Tou-Hum-Mal-Neu, killed by a giant zombie.
 The Gnomish Mines: levels 5 to 13
    Level 5:
    Level 6:
    Level 7:
    Level 8:
       Many shops, a temple and an altar to Anhur, some fountains.
    Level 9:
    Level 10:
    Level 11:
       Final resting place for
          Madleen-Ran-Hum-Mal-Neu, petrified by a cockatrice.
    Level 12: <- You were here.
       Final resting place for
          you, killed by a dwarf lady.
    Level 13:
       A fountain.


Vanquished creatures:
  a giant mummy
  a giant zombie
  a water demon
  2 xans
 an ettin mummy
  a djinni
  a pyrolisk
  a freezing sphere
  3 stone giants
  3 leprechauns
 an ice vortex
  3 gnome rulers
 an orc mummy
  2 dwarf mummies
  2 ogres
  a yeti
  a lizard
  a dwarf leader
  a raven
  a gnome mummy
  6 water moccasins
  2 human zombies
  a Woodland-elf
  a mountain nymph
  a rock piercer
  a rock mole
  2 ponies
  3 fog clouds
  a yellow light
  a shrieker
 14 gnome leaders
  4 gnomish wizards
  a kobold mummy
  a gray ooze
 an elf zombie
  a ghoul
  3 paper golems
  6 giant ants
  a little dog
  6 floating eyes
  2 kittens
  9 dwarves
  a homunculus
 19 hill orcs
 11 rothes
  a centipede
  2 giant bats
  2 monkeys
  2 orc zombies
 11 dwarf zombies
 10 iguanas
  4 killer bees
  4 acid blobs
  a gas spore
  2 hobbits
 11 manes
  4 hobgoblins
 10 giant rats
 15 cave spiders
  3 yellow molds
  a green mold
 51 gnomes
  2 gnome zombies
  7 geckos
 12 jackals
  3 foxes
  3 kobolds
  6 goblins
  4 sewer rats
 13 grid bugs
  5 bats
 10 lichens
  2 kobold zombies
  8 newts
337 creatures vanquished.

Genocided species:
 pythons
 pit vipers
 cobras
 snakes
 water moccasins
 garter snakes
6 species genocided.

Game over:
                       ----------
                      /          \
                     /    REST    \
                    /      IN      \
                   /     PEACE      \
                  /                  \
                  |    IanCurtis     |
                  |      402 Au      |
                  |   killed by a    |
                  |    dwarf lady    |
                  |                  |
                  |                  |
                  |       2026       |
                 *|     *  *  *      | *
        _________)/\\_//(\/(/\)/\//\/|_)_______

Goodbye IanCurtis the Wizard...

You died in The Gnomish Mines on dungeon level 12 with 17204 points,
and 402 pieces of gold, after 11715 moves.
You were level 9 with a maximum of 67 hit points when you died.

